 Dungeon Crawl Stone Soup version 0.22-a0-410-g97be04f (webtiles) character file.

1157 galech the Skirmisher (level 8, 0/100 HPs)
             Began as a Gnoll Wanderer on May 11, 2018.
             Succumbed to a worker ant's poison
             ... on level 5 of the Dungeon.
             The game lasted 00:08:00 (4159 turns).

galech the Skirmisher (Gnoll Wanderer)              Turns: 4159, Time: 00:08:01

Health: 0/100      AC: 24    Str: 19    XL:     8   Next: 39%
Magic:  3/12       EV:  2    Int: 14    God:
Gold:   230        SH:  0    Dex: 15    Spells: 13/13 levels left

rFire    . . .     SeeInvis .   l - +3 falchion of the Brain {venom, +Fly Str+2}
rCold    . . .     Gourm    .   (no shield)
rNeg     + + +     Faith    .   (armour currently unavailable)
rPois    +         Spirit   +   (helmet currently unavailable)
rElec    .         Reflect  .   (cloak currently unavailable)
rCorr    .         Harm     .   (gloves currently unavailable)
MR       .....     NoTele   +   (boots currently unavailable)
Stlth    +++.......             y - amulet of guardian spirit
HPRegen  0.26/turn              o - +5 ring of slaying
MPRegen  0.13/turn              (no ring)

@: lethally poisoned (0 -> -1), tree-form
A: distributed training, strong nose
a: no special abilities


You were on level 5 of the Dungeon.
You were hungry.
You were a tree.
You visited 1 branch of the dungeon, and saw 6 of its levels.

You collected 230 gold pieces.

Inventory:

Hand Weapons
 b - a +0 quarterstaff
 l - the +3 falchion of the Brain (weapon) {venom, +Fly Str+2}
   (You found it on level 4 of the Dungeon)

   It poisons the flesh of those it strikes.
   It affects your strength (+2).
   It lets you fly.
 q - a +1 vampiric spear
 E - a +0 shortbow
Missiles
 F - 38 arrows
Armour
 t - a +0 ring mail (melded)
 x - a +0 helmet (melded)
Jewellery
 o - a +5 ring of slaying (left branch)
 y - an amulet of guardian spirit (around neck)
 D - an uncursed ring of ice
Wands
 a - a wand of random effects (17)
Scrolls
 e - 3 scrolls of teleportation {unknown}
 i - a scroll of blinking {unknown}
 k - 3 scrolls of remove curse {unknown}
 m - 2 scrolls of magic mapping {unknown}
 p - 6 scrolls of identify {unknown}
 r - 2 scrolls of enchant weapon {unknown}
 s - a scroll of noise {unknown}
 v - 2 scrolls of amnesia {unknown}
 z - a scroll of immolation {unknown}
 C - a scroll of enchant armour {unknown}
Potions
 c - 2 potions of lignification
 d - a potion of might {unknown}
 g - a potion of ambrosia {unknown}
 h - a potion of agility {unknown}
 n - a potion of brilliance {unknown}
 u - 2 potions of heal wounds {unknown}
 w - 2 potions of degeneration {unknown}
 B - 2 potions of mutation {unknown}
Comestibles
 f - 7 rations


   Skills:
 + Level 7.3 Fighting
 + Level 3.1 Short Blades
 + Level 3.1 Long Blades
 + Level 5.6 Axes
 + Level 3.1 Maces & Flails
 + Level 4.1 Polearms
 + Level 3.1 Staves
 + Level 3.1 Slings
 + Level 3.1 Bows
 + Level 3.1 Crossbows
 + Level 3.1 Throwing
 + Level 4.1 Armour
 + Level 4.1 Dodging
 + Level 4.0 Stealth
 + Level 4.1 Shields
 + Level 3.1 Unarmed Combat
 + Level 3.1 Spellcasting
 + Level 2.5 Conjurations
 + Level 2.5 Hexes
 + Level 2.5 Charms
 + Level 2.5 Summonings
 + Level 2.5 Necromancy
 + Level 2.5 Translocations
 + Level 2.5 Transmutations
 + Level 2.5 Fire Magic
 + Level 2.5 Ice Magic
 + Level 2.5 Air Magic
 + Level 2.5 Earth Magic
 + Level 2.5 Poison Magic
 + Level 3.5 Invocations
 + Level 3.1 Evocations


You had 13 spell levels left.
You didn't know any spells.

Dungeon Overview and Level Annotations

Branches:
Dungeon (6/15)
 Temple: D:4-7

Altars:

Shops:
D:5 :(


Innate Abilities, Weirdness & Mutations

Your experience applies equally to all skills.
((You have very sharp teeth.))
Your uncanny sense of smell can sniff out nearby items.


Message History

Unknown command.
You slash something!
Reactivating autopickup.
Your Stealth skill increases to level 4!
You feel a bit more experienced.
* * * LOW HITPOINT WARNING * * *
You feel sick.
You kill the worker ant!
You cannot move.
You cannot move.
You cannot move.
* * * LOW HITPOINT WARNING * * *
You feel sick.
* * * LOW HITPOINT WARNING * * *
You feel sick.
* * * LOW HITPOINT WARNING * * *
You feel sick.
* * * LOW HITPOINT WARNING * * *
You feel sick.
You die...

....[...oo..#
.....#o..).### #..
#####o..# #
##o..######
###....8.8.8#
#.......⌠.⌠.#
+..##...8.∩.8#
####### #..
###).⌠.⌠.####......
##.
#)♣.8.8.8##...#####
..#..†.....#...###
##...........###
#........####
#............###
##........##...###
........#...##...####
.#.. .#
#.......###..........
...##.#
#............###.#...


There were no monsters in sight!

Vanquished Creatures
  An ice beast (D:5)
  The ghost of galech the Skirmisher, an amateur GnWn (D:3)
  An ogre (D:4)
  A centaur (D:5)
  2 scorpions
  2 howler monkeys (D:4)
  A bullfrog zombie (D:5)
  4 orc priests
  A jelly (D:5)
  4 orc wizards
  3 worker ants
  2 hound zombies (D:5)
  6 gnolls
  5 adders
  2 oozes
  An adder skeleton (D:3)
  An adder zombie (D:5)
  5 worms
  A dart slug (D:3)
  2 leopard geckos
  10 orcs
  7 bats
  9 giant cockroaches
  11 goblins
  12 hobgoblins
  7 jackals (D:1)
  2 quokkas (D:2)
  5 frilled lizards
  9 kobolds
  5 rats
123 creatures vanquished.

Notes
Turn   | Place    | Note
-------+----------+-------------------------------------------
     0 | D:1      | galech the Gnoll Wanderer began the quest for the Orb.
     0 | D:1      | galech set off with: a +2 hand axe, a +0 quarterstaff, a potion of lignification, a +0 robe, a ration
     0 | D:1      | Reached XP level 1. HP: 23/23 MP: 1/1
    51 | D:1      | Reached XP level 2. HP: 27/29 MP: 2/2
   258 | D:1      | Reached XP level 3. HP: 14/35 MP: 3/3
   773 | D:1      | Reached skill level 1 in Invocations
  1080 | D:2      | Reached skill level 1 in Short Blades
  1080 | D:2      | Reached skill level 1 in Long Blades
  1080 | D:2      | Reached skill level 1 in Maces & Flails
  1080 | D:2      | Reached skill level 1 in Staves
  1080 | D:2      | Reached skill level 1 in Slings
  1080 | D:2      | Reached skill level 1 in Bows
  1080 | D:2      | Reached skill level 1 in Crossbows
  1080 | D:2      | Reached skill level 1 in Throwing
  1080 | D:2      | Reached skill level 1 in Unarmed Combat
  1080 | D:2      | Reached skill level 1 in Spellcasting
  1080 | D:2      | Reached skill level 1 in Evocations
  1110 | D:2      | Reached XP level 4. HP: 41/41 MP: 5/5
  1475 | D:2      | Reached skill level 1 in Conjurations
  1475 | D:2      | Reached skill level 1 in Hexes
  1475 | D:2      | Reached skill level 1 in Charms
  1475 | D:2      | Reached skill level 1 in Summonings
  1475 | D:2      | Reached skill level 1 in Necromancy
  1475 | D:2      | Reached skill level 1 in Translocations
  1475 | D:2      | Reached skill level 1 in Transmutations
  1475 | D:2      | Reached skill level 1 in Fire Magic
  1475 | D:2      | Reached skill level 1 in Ice Magic
  1475 | D:2      | Reached skill level 1 in Air Magic
  1475 | D:2      | Reached skill level 1 in Earth Magic
  1475 | D:2      | Reached skill level 1 in Poison Magic
  2084 | D:3      | Reached XP level 5. HP: 44/47 MP: 6/6
  2247 | D:3      | Noticed galech's ghost (amateur GnWn)
  2265 | D:3      | Killed galech's ghost
  2265 | D:3      | Reached XP level 6. HP: 33/53 MP: 8/8
  2694 | D:4      | Reached skill level 5 in Axes
  2897 | D:4      | Reached XP level 7. HP: 31/59 MP: 10/10
  2905 | D:4      | Got an encrusted falchion
  2906 | D:4      | Identified the +3 falchion of the Brain {venom, +Fly Str+2} (You found it on level 4 of the Dungeon)
  3165 | D:4      | Reached skill level 7 in Fighting
  3464 | D:5      | Entered Level 5 of the Dungeon
  3674 | D:5      | Found Pios's Book Shoppe.
  3742 | D:5      | Reached XP level 8. HP: 24/67 MP: 6/12
  4083 | D:5      | Found Ushong's Weapon Shop.
  4149 | D:5      | HP: 5/100 [poisoned by a worker ant]
  4152 | D:5      | HP: 2/100 [poisoned by a worker ant]
  4157 | D:5      | HP: 1/100 [poisoned by a worker ant]
  4159 | D:5      | Succumbed to a worker ant's poison

Vault maps used:
D:1:      evilmike_arrival_run_for_it, minmay_tetromino_s4
D:3:      first_ration
D:5:      minmay_temple_entry_glassed_door, serial_shops,
          nicolae_shop_temple_entry_statues_fountains,
          nicolae_shop_temple_entry_statues_fountains, nicolae_shop_waterfront
D:6:      kennysheep_mini, cheibriados_altar_1

Skill      XL: |  1  2  3  4  5  6  7  8 |
---------------+-------------------------+-----
Invocations    | 1 2 3 |  3.5
Short Blades   | 1 2 3 |  3.1
Long Blades    | 1 2 3 |  3.1
Maces & Flails | 1 2 3 |  3.1
Staves         | 1 2 3 |  3.1
Slings         | 1 2 3 |  3.1
Bows           | 1 2 3 |  3.1
Crossbows      | 1 2 3 |  3.1
Throwing       | 1 2 3 |  3.1
Unarmed Combat | 1 2 3 |  3.1
Spellcasting   | 1 2 3 |  3.1
Evocations     | 1 2 3 |  3.1
Conjurations   | 1 2 |  2.5
Hexes          | 1 2 |  2.5
Charms         | 1 2 |  2.5
Summonings     | 1 2 |  2.5
Necromancy     | 1 2 |  2.5
Translocations | 1 2 |  2.5
Transmutations | 1 2 |  2.5
Fire Magic     | 1 2 |  2.5
Ice Magic      | 1 2 |  2.5
Air Magic      | 1 2 |  2.5
Earth Magic    | 1 2 |  2.5
Poison Magic   | 1 2 |  2.5
Polearms       | 3 4 |  4.1
Armour         | 3 4 |  4.1
Dodging        | 3 4 |  4.1
Shields        | 3 4 |  4.1
Stealth        | 3 4 |  4.0
Axes           | 5 |  5.6
Fighting       | 7 |  7.3

Action                   |  1- 3 |  4- 6 |  7- 9 || total
-------------------------+-------+-------+-------++-------
Melee: Hand axe          |    96 |   112 |       ||   208
       Bite              |     9 |    13 |     8 ||    30
       Punch             |       |     1 |     2 ||     3
       Falchion          |       |       |    92 ||    92
  Use: Potion            |       |       |     4 ||     4
 Stab: Sleeping          |     5 |     6 |       ||    11
       Distracted        |       |     1 |       ||     1
  Eat: Chunk             |     1 |     5 |     4 ||    10
Armor: Robe              |     9 |       |       ||     9
       Leather armour    |    10 |     6 |       ||    16
       Ring mail         |       |    17 |    45 ||    62
       Skin              |       |       |     5 ||     5
Dodge: Dodged            |    34 |    52 |    67 ||   153
       Rpst.: Falchion   |       |       |    17 ||    17

Table legend:
 A = Spawn XP
 B = Non-spawn XP
 C = Spawn XP percentage of total XP
 D = Spawn monster count
 E = Non-spawn monster count
 F = Spawn count percentage of total count
 G = Total turns spent on level
                    A         B        C        D         E        F      G
               +---------+---------+-------+---------+---------+-------+---------
         Total |       0 |    1653 |   0.0 |       0 |     123 |   0.0 |  4159
               +---------+---------+-------+---------+---------+-------+---------
           D:1 |       0 |      60 |   0.0 |       0 |      33 |   0.0 |   975
           D:2 |       0 |      99 |   0.0 |       0 |      29 |   0.0 |  1005
           D:3 |       0 |     262 |   0.0 |       0 |      21 |   0.0 |   707
           D:4 |       0 |     439 |   0.0 |       0 |      15 |   0.0 |   777
           D:5 |       0 |     749 |   0.0 |       0 |      23 |   0.0 |   687
           D:6 |       0 |      44 |   0.0 |       0 |       2 |   0.0 |     8
               +---------+---------+-------+---------+---------+-------+---------
